 Dungeon Crawl Stone Soup version 0.30-a0-989-g0d87f670db (webtiles) character file.

Game seed: 14176638019815510741

156 retardedninja the Trooper (level 5, 0/50 HPs)
             Began as a Naga Fighter on Apr 3, 2023.
             Slain by an orc priest
             ... wielding a +0 short sword
              (2 damage)
             ... on level 4 of the Dungeon.
             The game lasted 00:02:35 (2616 turns).

retardedninja the Trooper (Naga Fighter)            Turns: 2616, Time: 00:02:35

Health: 0/50       AC:  5    Str: 20    XL:     5   Next: 37%
Magic:  5/5        EV:  7    Int:  9    God:
Gold:   222        SH:  4    Dex: 10    Spells: 4/4 levels left

rFire   . . .      SeeInvis +    a - +0 war axe
rCold   . . .      Faith    .    c - +0 buckler
rNeg    . . .      Spirit   .    b - +0 scale mail
rPois   +          Reflect  .    (no helmet)
rElec   .          Rampage  .    (no cloak)
rCorr   .                        (no gloves)
Will    .....                    (no barding) Stlth
                                 (no amulet)
HPRegen 0.28/turn                (no ring)
MPRegen 0.09/turn                (no ring)

@: mighty, very slow
A: AC +1, large, see invisible, deformed body, poison resistance, slowness 2,
spit poison 1, naga tail 1
a: Spit Poison


You were on level 4 of the Dungeon.
You visited 1 branch of the dungeon, and saw 4 of its levels.

You collected 222 gold pieces.

Inventory:

Hand Weapons
 a - a +0 war axe (weapon)
Armour
 b - a +0 scale mail (worn)
 c - a +0 buckler (worn)
Scrolls
 g - a scroll of fear
Potions
 d - a potion of might
 f - a potion of mutation
 i - a potion of degeneration
 k - a potion of magic


   Skills:
 + Level 3.7 Fighting
 * Level 3.7 Axes
 + Level 3.0 Armour
 + Level 3.3 Shields


You had 4 spell levels left.
You didn't know any spells.
Your spell library contained the following spells:

 Spells                   Type           Power      Damage    Failure   Level
 Apportation              Tloc           0%         N/A       82%         1
 Freeze                   Ice            0%         1d3       82%         1
 Necrotise                Necr           0%         1d4       82%         1
 Summon Small Mammal      Summ           0%         N/A       82%         1
 Blink                    Tloc           0%         N/A       91%         2
 Lesser Beckoning         Tloc           0%         N/A       91%         2
 Momentum Strike          Conj/Tloc      0%         3d8       91%         2
 Frozen Ramparts          Ice            0%         1d1       99%         3
 Hailstorm                Conj/Ice       0%         3d3       99%         3


Dungeon Overview and Level Annotations

Branches:
Dungeon (4/15)
 Temple: D:4-7

Altars:
Makhleb


Innate Abilities, Weirdness & Mutations

Your serpentine skin is tough. (AC +1)
You have supernaturally acute eyesight. (SInv)
Armour fits poorly on your strangely shaped body.
Your system is resistant to poisons. (rPois)
You cover ground very slowly.
You can spit poison.
You have a snake-like lower body.


Message History

You kill the orc wizard!
You slash the orc wizard! You barely miss the orc priest.
The orc wizard barely misses you.
The orc priest hits you with a +0 short sword.
Your Armour skill increases to level 3!
You have reached level 5!
You hit the orc wizard.
The orc wizard is almost dead.
You slash the orc!
You kill the orc!
You barely miss the orc priest.
The orc wizard gestures wildly while chanting.
The orc wizard flickers and vanishes for a moment.
The orc priest mumbles some strange prayers to Beogh against you.
Pain shoots through your body!
* * * LOW HITPOINT WARNING * * *
You closely miss the orc wizard.
The orc wizard is almost dead.
You barely miss the orc priest.
The orc wizard points at you and mumbles some strange words.
The puff of flame hits you.
* * * LOW HITPOINT WARNING * * *
The orc priest hits you but does no damage.
The orc priest hits you with a +0 short sword.
* * * LOW HITPOINT WARNING * * *
The orc wizard hits you with a +0 dagger.
* * * LOW HITPOINT WARNING * * *
You slice the orc wizard!!
You kill the orc wizard!
You slash the orc priest!
The orc priest looks braver for a moment.
Unknown command.
Okay, then.
You block the orc priest's attack.
Things that are here:
a +0 dagger; a +0 robe; an orc corpse You closely miss the orc priest.
The orc priest is severely wounded.
The orc priest hits you with a +0 short sword.
You die...

#.. # #.# #.#
#.#####.# #
#.##....# .#
#...<...####.#
#.##.##.......
#..........####
#.##...).###..#
#.##.#.@......#
#.....)o......#
####.#.#....$.#
#.........#..
###.#....#....
#.#..##.....
#.#..# .....
..#... ....
##.... #.


You could see an orc priest.

Vanquished Creatures
  2 orc wizards (D:4)
  6 adders
  A dart slug (D:2)
  An orc (D:4)
  6 ball pythons
  2 endoplasms
  2 giant cockroaches
  3 hobgoblins (D:1)
  2 jackals (D:2)
  2 quokkas
  7 bats
  2 frilled lizards
  6 goblins
  3 kobolds
  6 rats
51 creatures vanquished.

Notes
Turn   | Place    | Note
-------+----------+-------------------------------------------
     0 | D:1      | retardedninja the Naga Fighter began the quest for the Orb.
     0 | D:1      | Reached XP level 1. HP: 21/21 MP: 1/1
   346 | D:1      | Reached XP level 2. HP: 28/28 MP: 2/2
   604 | D:1      | Found a faded altar of an unknown god.
   853 | D:2      | Reached XP level 3. HP: 34/34 MP: 3/3
  1375 | D:2      | Reached XP level 4. HP: 37/42 MP: 4/4
  2187 | D:3      | Found a burning altar of Makhleb.
  2612 | D:4      | Reached XP level 5. HP: 24/49 MP: 5/5
  2613 | D:4      | HP: 1/50 [orc wizard/+0 dagger (3)]
  2616 | D:4      | Slain by an orc priest

Illustrated notes

Levels and vault maps discovered:
D:1:      roderic_crossed_star, layout_basic, basic_ecumenical_altar,
          serial_corexii_hall, corexii_hall_statues_i,
          chequers_hall_statues_corner_a, corexii_hall_statues_i,
          corexii_hall_statues_l
D:2:      layout_basic, serial_bayou_pond_e
D:3:      layout_loops_ring, amcnicky_altar_gilded
D:4:      layout_loops_cross, hangedman_abyss_or_decor_jellyfish_corner,
          serial_bayou_ford_a

Skill      XL: |  1  2  3  4 |
---------------+-------------+-----
Shields        | 3 |  3.3
Axes           | 3 |  3.7
Armour         | 3 |  3.0
Fighting       | |  3.7

Action                     |  1- 3 |  4- 6 || total
---------------------------+-------+-------++-------
  Melee: War axe           |    84 |    80 ||   164
    Use: Scroll            |       |     6 ||     6
         Potion            |       |     3 ||     3
 Armour: Scale mail        |    41 |    67 ||   108
  Dodge: Dodged            |    35 |    43 ||    78
  Block: Buckler           |    20 |    20 ||    40

Table legend: (Time is in decaauts)
 A = Elapsed time spent in this place.
 B = Non-inter-level travel time spent in this place.
 C = Inter-level travel time spent in this place.
 D = Time resting spent in this place.
 E = Time spent auto-exploring this place.
 F = Levels seen in this place.
 G = Mean time per level.
                   A        B        C        D        E       F      G
               +--------+--------+--------+--------+--------+-----+--------+
         Total |   3478 |   3379 |     99 |    235 |   2689 |   4 |  869.5 |
       Dungeon |   3478 |   3379 |     99 |    235 |   2689 |   4 |  869.5 |
               +--------+--------+--------+--------+--------+-----+--------+

Top non-repeatable levels by time:
     D:2: 1511 daAuts
     D:1: 1054 daAuts
     D:3: 872 daAuts
     D:4: 39 daAuts
